 Dungeon Crawl Stone Soup version 0.31-a0-1352-gc98d92de7d (webtiles) character file.

Game seed: 7230426052273814791

26702 Armakuni the Exorcist (level 13, -4/88 HPs)
             Began as a Human Artificer on Dec 17, 2023.
             Was an Elder of the Shining One.
             Slain by a catoblepas (26 damage)
             ... on level 1 of the Lair of Beasts on Dec 22, 2023.
             The game lasted 00:55:22 (14225 turns).

Armakuni the Exorcist (Human Artificer)            Turns: 14225, Time: 00:55:23

Health: -4/88      AC: 15    Str: 12    XL:     13   Next: 27%
Magic:  24/24      EV: 17    Int: 17    God:    the Shining One [****..]
Gold:   538        SH:  0    Dex: 14    Spells: 6/14 levels left

rFire   . . .        a - +8 dire flail
rCold   . . .        (shield currently unavailable)
rNeg    + + .        p - +3 acid dragon scales
rPois   .            o - +2 helmet
rElec   .            m - +0 cloak
rCorr   +            q - +0 pair of gloves
SInv    .            (no boots)
Will    +....        (no amulet)
Stlth   +            C - ring of willpower
HPRegen 0.34/turn    E - +5 ring of evasion
MPRegen 0.19/turn

%: no passive effects
@: glowing
A: explore regen
a: Renounce Religion, Divine Shield, Cleansing Flame


You were on level 1 of the Lair of Beasts.
You worshipped the Shining One.
The Shining One was greatly pleased with you.
You visited 3 branches of the dungeon, and saw 14 of its levels.
You also visited: Bailey.

You collected 876 gold pieces.
You spent 338 gold pieces at shops.

Inventory:

Hand Weapons
 a - a +8 dire flail (weapon)
 G - a +4 trident of venom
Armour
 m - a +0 cloak (worn)
 o - a +2 helmet (worn)
 p - +3 acid dragon scales (worn)
 q - a +0 pair of gloves (worn)
 D - a +2 ring mail of poison resistance
Jewellery
 b - a ring of see invisible
 j - the amulet of the Oligarchy {Spirit rC+ rCorr}
   (You took it off a vampire in a bailey)

   [amulet of guardian spirit]

   Spirit:    It causes incoming damage to be divided between your reserves of
   health and magic.
   rC+:       It protects you from cold.
   rCorr:     It protects you from acid and corrosion.
 k - a ring of poison resistance
 C - a ring of willpower (left hand)
 E - a +5 ring of evasion (right hand)
Wands
 c - a wand of charming (22)
 i - a wand of polymorph (15)
 r - a wand of roots (3)
 s - a wand of quicksilver (7)
Scrolls
 e - a scroll of amnesia
 g - 2 scrolls of noise
 n - a scroll of teleportation
 v - a scroll of revelation
 y - a scroll of immolation
 B - 5 scrolls of blinking
 I - a scroll of vulnerability
Potions
 d - a potion of magic
 f - a potion of lignification
 h - 3 potions of ambrosia
 l - 2 potions of berserk rage
 t - 2 potions of brilliance
 u - 4 potions of might
 w - a potion of resistance
 x - 4 potions of curing
 z - 2 potions of invisibility
 A - a potion of haste {unknown}
 X - 4 potions of mutation
Miscellaneous
 W - a phial of floods (inert)


   Skills:
 - Level 4.0 Fighting
 - Level 11.9(12.0) Maces & Flails
 - Level 2.0 Polearms
 - Level 0.3(7.7) Staves
 - Level 4.0 Armour
 - Level 3.0 Dodging
 - Level 1.0 Stealth
 - Level 1.0 Spellcasting
 - Level 1.9 Conjurations
 - Level 1.9 Ice Magic
 - Level 1.9 Air Magic
 - Level 2.0 Alchemy
 + Level 15.2 Invocations
 - Level 10.0 Evocations


You had 6 spell levels left.
You knew the following spells:

 Your Spells              Type           Power      Damage    Failure   Level
j - Freezing Cloud        Conj/Ice/Air   3%         6-21      98%         5
m - Mephitic Cloud        Conj/Alch/Air  7%         N/A       38%         3

Your spell library contained the following spells:

 Spells                   Type           Power      Damage    Failure   Level
 Freeze                   Ice            28%        1d5       14%         1
 Mercury Vapours          Alch/Air       14%        N/A       22%         2
 Passwall                 Alch/Erth      3%         N/A       30%         2
 Frozen Ramparts          Ice            14%        1d3       38%         3
 Hailstorm                Conj/Ice       7%         3d5       38%         3
 Stone Arrow              Conj/Erth      8%         3d7       54%         3
 Animate Armour           Summ/Erth      0%         N/A       97%         4
 Eringya's Noxious Bog    Alch           3%         4d6       100%        6
 Lehudib's Crystal Spear  Conj/Erth      2%         10d2      100%        8


Dungeon Overview and Level Annotations

Branches:
Dungeon (12/15)            Temple (1/1) D:5            Lair (1/5) D:10
    Orc (0/2) D:12         Bailey (visited)

Altars:
Ashenzari
Cheibriados
Dithmenos
Elyvilon
Fedhas
Gozag
Hepliaklqana
Kikubaaqudgha
Makhleb
Nemelex Xobeh
Okawaru
Qazlal
Ru
Sif Muna
Trog
Uskayaw
Vehumet
Wu Jian
Xom
Yredelemnul
Zin
The Shining One

Shops:
D:3 :

Annotations:
D:6 exclusion: statue
D:12 Jorgrun


Innate Abilities, Weirdness & Mutations

You regain HP and MP as you explore.


Message History

The blast of calcifying dust hits you but does no damage.
You sock the catoblepas!
The catoblepas is lightly wounded.
You puncture the catoblepas!
The catoblepas is moderately wounded.
The catoblepas gores you!
You hit the catoblepas.
The catoblepas is moderately wounded.
The catoblepas misses you.
You sock the catoblepas!
The catoblepas is moderately wounded.
You hit the catoblepas but do no damage.
The catoblepas is moderately wounded.
The catoblepas gores you!
You hit the catoblepas but do no damage.
The catoblepas is moderately wounded.
The catoblepas misses you.
You sock the catoblepas!
The catoblepas is heavily wounded.
The catoblepas gores you!!
You puncture the catoblepas!
The catoblepas is heavily wounded.
You puncture the catoblepas!
The catoblepas is severely wounded.
The catoblepas gores you!!
You are too injured to fight recklessly!
You are too injured to fight recklessly!
You hit the catoblepas but do no damage.
The catoblepas is severely wounded.
The catoblepas barely misses you.
You completely miss the catoblepas.
The catoblepas is severely wounded.
You hit the catoblepas.
The catoblepas is almost dead.
The catoblepas breathes a plume of calcifying dust at you.
The blast of calcifying dust hits you.
* * * LOW HITPOINT WARNING * * *
The catoblepas attacks as it pursues you!
The catoblepas gores you!!
You die...

.#
#............#
.#
##....)......##
##
#............# #
#............# #
##............#
#.............#
##............##
#..............#
##.........@Y..#
#..........§#..#
#.........§.#
....
#........§..#
....
#.......§..##
.$. #......§..##
.. #.....§...# #
####.§.####
#####


You could see a catoblepas.

Vanquished Creatures
  Josephine (D:11)
  Fannar (D:11)
  Erolcha (D:12)
  3 centaur warriors (D:9)
  2 two-headed ogres (D:11)
  A tengu warrior (D:9)
  A skeletal warrior (D:9)
  A fire crab (D:9)
  A deep elf pyromancer (D:9)
  3 cyclopes
  Maurice (D:8)
  5 ugly things
  A gargoyle (Bailey)
  A cane toad (Lair:1)
  A water nymph (shapeshifter) (D:9)
  An efreet (D:9)
  Psyche (D:8)
  3 trolls
  A hornet (D:9)
  Prince Ribbit (D:5)
  A slime creature (D:9)
  Sigmund (D:5)
  A shadow (D:10)
  3 wyverns (D:10)
  20 yaks
  6 wraiths
  3 vampires
  2 basilisks (D:10)
  3 hogs (D:11)
  A human (D:11)
  8 vampire mosquitoes
  5 acid dragons
  7 water moccasins
  4 orc warriors
  3 ice beasts
  A sky beast (D:7)
  2 black bears
  3 centaurs
  3 wolves (D:8)
  A boggart (D:9)
  A phantom (D:7)
  2 kobold brigands
  7 bullfrogs
  3 scorpions
  5 wights
  9 killer bees
  11 howler monkeys
  7 vampire bats (Bailey)
  4 wolf zombies (Bailey)
  4 hounds
  Crazy Yiuf (D:7)
  3 gnoll boudas
  2 orc priests (D:10)
  3 jellies
  12 orc wizards
  An iguana (D:5)
  Robin (D:3)
  10 gnolls
  11 adders
  4 ufetubi (D:6)
  3 worms
  A dart slug (D:5)
  17 orcs
  6 ball pythons
  6 bats
  8 endoplasms
  A giant cockroach (D:1)
  23 goblins
  7 hobgoblins
  14 jackals
  6 quokkas
  7 frilled lizards
  14 kobolds
  21 orc zombies (Bailey)
  8 rats
352 creatures vanquished.

Vanquished Creatures (collateral kills)
  A deep elf pyromancer (D:9)
  A cyclops (D:9)
  Grum (D:8)
  An orc priest (D:6)
  A gnoll (D:5)
  An orc (D:6)
6 creatures vanquished.

Vanquished Creatures (others)
  A gargoyle (D:9)
  An orc warrior (D:8)
  A killer bee (D:7)
  A hound (D:4)
  2 gnolls (D:5)
6 creatures vanquished.

Grand Total: 364 creatures vanquished

Notes
Turn   | Place    | Note
-------+----------+-------------------------------------------
     0 | D:1      | Armakuni the Human Artificer began the quest for the Orb.
     0 | D:1      | Reached XP level 1. HP: 15/15 MP: 1/1
   222 | D:2      | Reached XP level 2. HP: 18/21 MP: 2/2
   411 | D:2      | Reached XP level 3. HP: 26/26 MP: 3/3
   579 | D:5      | Entered Level 5 of the Dungeon
   625 | D:4      | Found a burning altar of Makhleb.
   752 | D:4      | Found a snail-covered altar of Cheibriados.
   787 | D:4      | Found a hide-covered altar of Uskayaw.
   790 | D:4      | Found a broken altar of Ashenzari.
   816 | D:4      | Reached XP level 4. HP: 19/32 MP: 4/4
   834 | D:4      | Noticed a scorpion
   843 | D:4      | Killed a scorpion
   844 | D:4      | Reached skill level 5 in Evocations
   844 | D:4      | Reached XP level 5. HP: 24/37 MP: 5/5
  1317 | D:4      | Noticed a black bear
  1333 | D:4      | Killed a black bear
  1334 | D:4      | Reached XP level 6. HP: 32/43 MP: 6/6
  1505 | D:5      | Noticed an ice beast
  1517 | D:4      | Killed an ice beast
  1610 | D:5      | Found a staircase to the Ecumenical Temple.
  1623 | Temple   | Entered the Ecumenical Temple
  1635 | Temple   | Became a worshipper of the Shining One
  1776 | D:5      | Noticed Prince Ribbit
  1778 | D:5      | Killed Prince Ribbit
  1779 | D:5      | Reached XP level 7. HP: 48/48 MP: 7/7
  1788 | D:5      | Found a stormy altar of Qazlal.
  2072 | D:5      | Noticed Sigmund
  2076 | D:5      | Killed Sigmund
  2077 | D:5      | Reached XP level 8. HP: 51/54 MP: 8/8
  2770 | D:6      | Reached skill level 1 in Maces & Flails
  2979 | D:6      | Reached skill level 10 in Evocations
  2983 | D:6      | Was placed under penance by the Shining One
  4715 | D:3      | Found Licwig's Book Boutique.
  4953 | D:3      | Noticed Robin
  4989 | D:3      | Killed Robin
  5748 | D:6      | Reached skill level 1 in Polearms
  6032 | D:6      | Reached XP level 9. HP: 65/65 MP: 9/9
  6394 | D:6      | Found a radiant altar of Vehumet.
  6578 | D:6      | Reached skill level 1 in Invocations
  6835 | D:7      | Reached skill level 1 in Spellcasting
  6864 | D:7      | Was forgiven by the Shining One
  6865 | D:7      | Reached skill level 2 in Invocations
  7087 | D:7      | Found a runed translucent door.
  7088 | D:7      | Noticed Crazy Yiuf
  7278 | D:7      | Killed Crazy Yiuf
  7681 | D:7      | Reached skill level 5 in Maces & Flails
  7898 | D:8      | Noticed a cyan ugly thing
  7909 | D:8      | Killed a cyan ugly thing
  7919 | D:8      | Reached * piety under the Shining One
  7920 | D:8      | Reached XP level 10. HP: 41/71 MP: 11/11
  8098 | D:8      | Noticed a cyclops
  8142 | D:8      | Killed a cyclops
  8250 | D:8      | Noticed Maurice
  8255 | D:8      | Killed Maurice
  8285 | D:8      | Noticed Grum
  8297 | D:8      | Killed Grum
  8315 | D:8      | Reached skill level 10 in Maces & Flails
  8660 | D:8      | Noticed Psyche
  8697 | D:8      | Killed Psyche
  8727 | D:8      | Reached XP level 11. HP: 50/77 MP: 8/12
  8783 | D:8      | Found a glowing silver altar of Zin.
  9154 | D:3      | Bought a book of Vapours for 338 gold pieces
  9160 | D:3      | Learned a level 5 spell: Freezing Cloud
  9165 | D:3      | Learned a level 3 spell: Mephitic Cloud
  9510 | D:9      | Noticed a cyclops
  9510 | D:9      | Noticed a centaur warrior
  9527 | D:9      | Killed a cyclops
  9528 | D:9      | Reached skill level 1 in Alchemy
  9530 | D:9      | Noticed a tengu warrior
  9531 | D:9      | Reached skill level 1 in Conjurations
  9531 | D:9      | Reached skill level 1 in Ice Magic
  9531 | D:9      | Reached skill level 1 in Air Magic
  9533 | D:9      | Killed a centaur warrior
  9533 | D:9      | Noticed a white ugly thing
  9534 | D:9      | Noticed a deep elf pyromancer
  9539 | D:9      | a meliai changed into a mana viper
  9539 | D:9      | Noticed a mana viper (shapeshifter)
  9540 | D:9      | Noticed a cyclops
  9541 | D:9      | Killed a deep elf pyromancer
  9665 | D:9      | Found a flagged portal.
  9674 | Bailey   | Entered a bailey
  9707 | Bailey   | Reached ** piety under the Shining One
  9760 | Bailey   | Reached *** piety under the Shining One
  9809 | Bailey   | Identified the amulet of the Oligarchy {Spirit rC+ rCorr}
  9811 | Bailey   | Reached skill level 3 in Invocations
  9917 | Bailey   | Reached **** piety under the Shining One
  9950 | Bailey   | Got the Exposition on Variation
 10055 | D:9      | Killed a white ugly thing
 10056 | D:9      | Reached skill level 4 in Invocations
 10087 | D:9      | Killed a tengu warrior
 10088 | D:9      | Reached skill level 5 in Invocations
 10224 | D:9      | Noticed a cyclops
 10233 | D:9      | Killed a cyclops
 10234 | D:9      | Reached skill level 6 in Invocations
 10414 | D:9      | Killed a cyclops
 10674 | D:9      | Found a white marble altar of Elyvilon.
 10680 | D:9      | Reached skill level 7 in Invocations
 10890 | D:9      | Reached skill level 8 in Invocations
 11112 | D:9      | Noticed a centaur warrior
 11112 | D:9      | Noticed a skeletal warrior
 11112 | D:9      | Noticed a deep elf pyromancer
 11112 | D:9      | Noticed a red ugly thing
 11118 | D:9      | Killed a skeletal warrior
 11118 | D:9      | Killed a centaur warrior
 11118 | D:9      | Killed a red ugly thing
 11119 | D:9      | Reached skill level 9 in Invocations
 11119 | D:9      | Reached XP level 12. HP: 83/83 MP: 17/19
 11225 | D:9      | Reached skill level 10 in Invocations
 11232 | D:9      | Noticed a centaur warrior
 11239 | D:9      | Killed a centaur warrior
 11446 | D:9      | Identified the +5 great sword "Feaninwu" {freeze, Dex+4}
 11549 | D:10     | Entered Level 10 of the Dungeon
 11676 | D:10     | Reached skill level 11 in Invocations
 11816 | D:10     | Found a staircase to the Lair.
 12010 | D:10     | Upgraded the game from 0.31-a0-1278-g11c5b68f87 to
                  | 0.31-a0-1352-gc98d92de7d
 12373 | D:10     | Reached skill level 12 in Invocations
 12774 | D:11     | Noticed Fannar
 12795 | D:11     | Killed Fannar
 12995 | D:11     | Noticed a two-headed ogre
 13004 | D:11     | Killed a two-headed ogre
 13005 | D:11     | Reached skill level 13 in Invocations
 13283 | D:11     | Noticed a two-headed ogre
 13290 | D:11     | Killed a two-headed ogre
 13291 | D:11     | Reached XP level 13. HP: 65/88 MP: 23/23
 13310 | D:11     | Reached ***** piety under the Shining One
 13420 | D:11     | Reached skill level 14 in Invocations
 13720 | D:12     | Noticed Erolcha
 13726 | D:12     | Killed Erolcha
 13821 | D:12     | Noticed Jorgrun
 13832 | D:12     | Noticed Josephine
 13845 | D:11     | Reached skill level 15 in Invocations
 13847 | D:11     | Killed Josephine
 13979 | D:12     | Found a staircase to the Orcish Mines.
 14038 | Lair:1   | Entered Level 1 of the Lair of Beasts
 14225 | Lair:1   | Slain by a catoblepas

Illustrated notes

Levels and vault maps discovered:
D:1:      spicycebolla_arrival_ecumenical, layout_basic
D:2:      minmay_skewed_foursquare, layout_loops_corners
D:3:      layout_loops_corners, serial_shops, nicolae_square_shop, uniq_robin
D:4:      layout_rooms, kennysheep_little_box,
          gammafunk_temple_overflow_forgotten
D:5:      layout_loops_ring, mainiacjoe_overflow_cross_hatched,
          minmay_temple_entry_slanted, serial_library_hellmonk_room_c,
          nicolae_the_louvre, uniq_prince_ribbit1, uniq_sigmund
D:6:      layout_basic, vehumet_statue, chequers_jeans
D:7:      layout_basic, hangedman_decor_riveting, uniq_crazy_yiuf_cottage
D:8:      layout_cave_pools, lemuel_doored_altar, minmay_alternating_orb,
          uniq_psyche, uniq_grum, uniq_maurice
D:9:      minmay_sliced_demisemicircle, layout_basic, amcnicky_altar_gilded,
          enter_bailey_8, minivault_28
D:10:     layout_stronghold, minmay_lair_entry_grove
D:11:     layout_rooms, grunt_livestock, uniq_fannar
D:12:     layout_basic, david_orc_2, uniq_erolcha, uniq_josephine, uniq_jorgrun
Temple:   eino_narrow_crystal_temple
Lair:1:   minmay_lair_venomous_thicket, layout_cave_pods, serial_bayou_shore_a

Skill      XL: |  1  2  3  4  5  6  7  8  9 10 11 12 13 |
---------------+----------------------------------------+-----
Evocations     | 4 5 6 8 9 10 | 10.0
Maces & Flails | 2 7 11 | 11.9
Fighting       | 4 |  4.0
Polearms       | 2 |  2.0
Dodging        | 2 3 |  3.0
Armour         | 4 |  4.0
Invocations    | 2 9 13 15 | 15.2
Spellcasting   | 1 |  1.0
Alchemy        | 2 |  2.0
Conjurations   | 1 |  1.9
Ice Magic      | 1 |  1.9
Air Magic      | 1 |  1.9
Staves         | |  0.3
Stealth        | |  1.0

Action                     |  1- 3 |  4- 6 |  7- 9 | 10-12 | 13-15 || total
---------------------------+-------+-------+-------+-------+-------++-------
  Melee: Club              |    28 |       |       |       |       ||    28
         Punch             |     2 |       |     4 |       |       ||     6
         Whip              |       |       |   154 |       |       ||   154
         Trident           |       |       |    84 |       |       ||    84
         Flail             |       |       |    33 |       |       ||    33
         Dire flail        |       |       |    53 |   450 |   111 ||   614
   Fire: Sling             |    61 |    98 |    39 |       |       ||   198
 Invoke: Divine Shield     |       |       |       |     5 |     1 ||     6
         Cleansing Flame   |       |       |       |     2 |     5 ||     7
  Evoke: Wand              |     5 |    19 |    35 |    51 |     2 ||   112
         Phial of floods   |       |       |       |     1 |       ||     1
    Use: Scroll            |     3 |     2 |    13 |    13 |     6 ||    37
         Potion            |       |       |       |     1 |     2 ||     3
 Armour: Leather armour    |    30 |    83 |    23 |       |       ||   136
         Robe              |       |       |   185 |     7 |       ||   192
         Skin              |       |       |       |    32 |       ||    32
         Acid dragon scale |       |       |       |   190 |   102 ||   292
  Dodge: Dodged            |    23 |    85 |   271 |   263 |    95 ||   737
  Block: Other             |       |       |       |    30 |     2 ||    32
         Form:             |       |       |     1 |       |       ||     1
         Beast             |       |       |     1 |       |       ||     1

Table legend: (Time is in decaauts)
 A = Elapsed time spent in this place.
 B = Non-inter-level travel time spent in this place.
 C = Inter-level travel time spent in this place.
 D = Time resting spent in this place.
 E = Time spent auto-exploring this place.
 F = Levels seen in this place.
 G = Mean time per level.
                   A        B        C        D        E       F      G
               +--------+--------+--------+--------+--------+-----+--------+
         Total |  14222 |  13058 |   1164 |   2611 |   7006 |  15 |  948.1 |
       Dungeon |  13733 |  12576 |   1157 |   2511 |   6838 |  12 | 1144.4 |
        Temple |     22 |     15 |      7 |      0 |      0 |   1 |   22.0 |
          Lair |    179 |    179 |      0 |    100 |     42 |   1 |  179.0 |
        Bailey |    286 |    286 |      0 |      0 |    126 |   1 |  286.0 |
               +--------+--------+--------+--------+--------+-----+--------+

Top non-repeatable levels by time:
     D:6: 1615 daAuts
     D:9: 1558 daAuts
    D:10: 1552 daAuts
     D:7: 1435 daAuts
     D:5: 1424 daAuts
     D:3: 1275 daAuts
     D:2: 1250 daAuts
     D:8: 1049 daAuts
     D:4: 1036 daAuts
    D:11: 699 daAuts
     D:1: 663 daAuts
  Bailey: 286 daAuts
  Lair:1: 179 daAuts
    D:12: 171 daAuts
  Temple: 22 daAuts
